NWL (28 & UNDER)
MOOSE JAW GHOSTBUSTERS @ RIVERSIDE RED BULLS
05/14/2023
 
TOP OF THE 1ST
Moose Jaw Ghostbusters batting - Pitching for Riverside Red Bulls : RHP Brett Dwyer
Pitching: RHP Brett Dwyer
Batting: RHB Pedro Meza 0-0: Swinging Strike
0-1: SINGLE (Groundball, 56D) (infield hit)
Batting: RHB Luis Miguel Sánchez 0-0: Called Strike
0-1: Ball
1-1: Called Strike
1-2: Strikes out looking
Batting: LHB Will Vale 0-0: Called Strike
0-1: Swinging Strike
0-2: Ball
1-2: Grounds into double play, 6-4-3 (Groundball, 6)
Top of the 1st over - 0 run(s), 1 hit(s), 0 error(s), 0 left on base; Moose Jaw 0 - Riverside 0
BOTTOM OF THE 1ST
Riverside Red Bulls batting - Pitching for Moose Jaw Ghostbusters : RHP Ken Rogers
Pitching: RHP Ken Rogers
Batting: RHB Joe Scott 0-0: Foul Ball, location: 2F
0-1: Ball
1-1: Ball
2-1: Ball
3-1: Ground out 2-3 (Groundball, 23)
Batting: LHB Aroghetto Dionisotti 0-0: Ball
1-0: Ball
2-0: Ball
3-0: Called Strike
3-1: Fly out, F5 (Popup, 5S)
Batting: LHB Jorge Meléndez 0-0: Ball
1-0: Ball
2-0: Ball
3-0: Called Strike
3-1: Base on Balls
Batting: SHB Sloan James 0-0: Called Strike
Jorge Meléndez is caught stealing 2nd base
Bottom of the 1st over - 0 run(s), 0 hit(s), 0 error(s), 0 left on base; Moose Jaw 0 - Riverside 0
TOP OF THE 2ND
Moose Jaw Ghostbusters batting - Pitching for Riverside Red Bulls : RHP Brett Dwyer
Batting: RHB Paco Hernández 0-0: Foul Ball, location: 2F
0-1: Foul Ball, location: 2F
0-2: Ball
1-2: Strikes out swinging
Batting: LHB Bartolo Villanueva 0-0: Called Strike
0-1: Foul Ball, location: 2F
0-2: Ball
1-2: Ground out 5-3 (Groundball, 56)
Batting: RHB John Major 0-0: Foul Ball, location: 2F
0-1: Swinging Strike
0-2: Strikes out swinging
Top of the 2nd over - 0 run(s), 0 hit(s), 0 error(s), 0 left on base; Moose Jaw 0 - Riverside 0
BOTTOM OF THE 2ND
Riverside Red Bulls batting - Pitching for Moose Jaw Ghostbusters : RHP Ken Rogers
Batting: SHB Sloan James 0-0: Ball
1-0: Ball
2-0: Called Strike
2-1: Foul Ball, location: 2F
2-2: DOUBLE (Line Drive, 7LS)
Batting: RHB Chris Osborn 0-0: Called Strike
0-1: Ball
1-1: Ball
2-1: Ball
3-1: Fly out, F9 (Flyball, 9LM)
Batting: RHB Júlio García 0-0: Called Strike
0-1: Ball
1-1: Ground out 5-3 (Groundball, 56)
Batting: RHB Kyle Bacon 0-0: Called Strike
0-1: Swinging Strike
0-2: Ball
1-2: Strikes out swinging
Bottom of the 2nd over - 0 run(s), 1 hit(s), 0 error(s), 1 left on base; Moose Jaw 0 - Riverside 0
TOP OF THE 3RD
Moose Jaw Ghostbusters batting - Pitching for Riverside Red Bulls : RHP Brett Dwyer
Batting: RHB Aaron Wilson 0-0: Called Strike
0-1: Swinging Strike
0-2: Ball
1-2: DOUBLE (Flyball, 89M)
Batting: RHB Alberto Sandoval 0-0: Ball
1-0: SINGLE (Line Drive, 56D)
Aaron Wilson to third
Batting: LHB Carlos López 0-0: Swinging Strike
0-1: Ball
1-1: Foul Ball, location: 2F
1-2: Ball
2-2: Strikes out swinging
Batting: RHB Pedro Meza 0-0: Ball
1-0: Grounds into double play, 5-4-3 (Groundball, 56)
Top of the 3rd over - 0 run(s), 2 hit(s), 0 error(s), 1 left on base; Moose Jaw 0 - Riverside 0
BOTTOM OF THE 3RD
Riverside Red Bulls batting - Pitching for Moose Jaw Ghostbusters : RHP Ken Rogers
Batting: RHB Soshu Nakamura 0-0: Ball
1-0: Fly out, F9 (Flyball, 89M)
Batting: SHB Chun-yeong Kim 0-0: Ball
1-0: Ground out 4-3 (Groundball, 4)
Batting: RHB Joe Scott 0-0: Called Strike
0-1: SINGLE (Flyball, 9LS)
Batting: LHB Aroghetto Dionisotti 0-0: Ball
1-0: Ball
2-0: Ball
Wild Pitch!
Joe Scott to second
3-0: Called Strike
3-1: Base on Balls
Batting: LHB Jorge Meléndez 0-0: Ball
1-0: Foul Ball, location: 2F
1-1: Ground out 4-3 (Groundball, 34)
Bottom of the 3rd over - 0 run(s), 1 hit(s), 0 error(s), 2 left on base; Moose Jaw 0 - Riverside 0
TOP OF THE 4TH
Moose Jaw Ghostbusters batting - Pitching for Riverside Red Bulls : RHP Brett Dwyer
Batting: RHB Luis Miguel Sánchez 0-0: Ball
1-0: Called Strike
1-1: Called Strike
1-2: Ball
2-2: Foul Ball, location: 2F
2-2: Ball
3-2: Base on Balls
Batting: LHB Will Vale 0-0: Ball
Luis Miguel Sánchez steals 2nd base
1-0: Called Strike
1-1: Foul Ball, location: 2F
1-2: Ball
2-2: Ball
3-2: SINGLE (Groundball, 4MD)
Luis Miguel Sánchez to third
Runner from 3rd tries for Home, SAFE, no throw or cutoff
Batting: RHB Paco Hernández 0-0: Ball
1-0: Foul Ball, location: 2F
1-1: Called Strike
1-2: Foul Ball, location: 2F
1-2: Foul Ball, location: 2F
1-2: Strikes out swinging
Batting: LHB Bartolo Villanueva 0-0: Reached on error, E5 (Groundball, 5S)
Will Vale to second
Batting: RHB John Major 0-0: Grounds into double play, 5-4-3 (Groundball, 5)
Top of the 4th over - 1 run(s), 1 hit(s), 1 error(s), 1 left on base; Moose Jaw 1 - Riverside 0
BOTTOM OF THE 4TH
Riverside Red Bulls batting - Pitching for Moose Jaw Ghostbusters : RHP Ken Rogers
Batting: SHB Sloan James 0-0: Called Strike
0-1: Ball
1-1: Called Strike
1-2: Ball
2-2: Strikes out looking
Batting: RHB Chris Osborn 0-0: Called Strike
0-1: Called Strike
0-2: Ball
1-2: Ball
2-2: Foul Ball, location: 2F
2-2: Foul Ball, location: 2F
2-2: Ground out 5-3 (Groundball, 5)
Batting: RHB Júlio García 0-0: Ball
1-0: Foul Ball, location: 2F
1-1: Ground out 5-3 (Groundball, 5L)
Bottom of the 4th over - 0 run(s), 0 hit(s), 0 error(s), 0 left on base; Moose Jaw 1 - Riverside 0
TOP OF THE 5TH
Moose Jaw Ghostbusters batting - Pitching for Riverside Red Bulls : RHP Brett Dwyer
Batting: RHB Aaron Wilson 0-0: Foul Ball, location: 2F
0-1: Ball
1-1: Foul Ball, location: 2F
1-2: Foul Ball, location: 2F
1-2: Ball
2-2: Ball
3-2: Base on Balls
Batting: RHB Alberto Sandoval 0-0: Called Strike
0-1: Called Strike
0-2: Ball
1-2: Ball
2-2: Ground out 5-3 (Groundball, 5S)
Aaron Wilson to second
Batting: LHB Carlos López 0-0: Ball
1-0: Called Strike
1-1: Called Strike
1-2: Foul Ball, location: 2F
1-2: Strikes out swinging
Batting: RHB Pedro Meza 0-0: Foul Ball, location: 2F
0-1: Called Strike
0-2: Foul Ball, location: 2F
0-2: Strikes out swinging
Top of the 5th over - 0 run(s), 0 hit(s), 0 error(s), 1 left on base; Moose Jaw 1 - Riverside 0
BOTTOM OF THE 5TH
Riverside Red Bulls batting - Pitching for Moose Jaw Ghostbusters : RHP Ken Rogers
Batting: RHB Kyle Bacon 0-0: Ball
1-0: Called Strike
1-1: Ball
2-1: DOUBLE (Groundball, 5L)
Batting: RHB Soshu Nakamura 0-0: Ball
1-0: Swinging Strike
1-1: Fly out, F8 (Flyball, 8RM)
Batting: SHB Chun-yeong Kim 0-0: Called Strike
0-1: Called Strike
0-2: Ball
1-2: 2-RUN HOME RUN (Flyball, 8RXD), Distance : 432 ft
Batting: RHB Joe Scott 0-0: Ball
1-0: Called Strike
1-1: Called Strike
1-2: Foul Ball, location: 2F
1-2: Ball
2-2: Foul Ball, location: 2F
2-2: Fly out, F8 (Line Drive, 8LM)
Batting: LHB Aroghetto Dionisotti 0-0: Called Strike
0-1: Foul Ball, location: 2F
0-2: Strikes out looking
Bottom of the 5th over - 2 run(s), 2 hit(s), 0 error(s), 0 left on base; Moose Jaw 1 - Riverside 2
TOP OF THE 6TH
Moose Jaw Ghostbusters batting - Pitching for Riverside Red Bulls : RHP Brett Dwyer
Batting: RHB Luis Miguel Sánchez 0-0: Ball
1-0: Ball
2-0: Ground out 5-3 (Groundball, 56)
Batting: LHB Will Vale 0-0: Called Strike
0-1: Ball
1-1: Fly out, F6 (Popup, 5DF)
Batting: RHB Paco Hernández 0-0: Called Strike
0-1: Ball
1-1: Called Strike
1-2: Foul Ball, location: 2F
1-2: Foul Ball, location: 2F
1-2: Ball
2-2: Foul Ball, location: 2F
2-2: Ground out U3 (Groundball, 3S)
Top of the 6th over - 0 run(s), 0 hit(s), 0 error(s), 0 left on base; Moose Jaw 1 - Riverside 2
BOTTOM OF THE 6TH
Riverside Red Bulls batting - Pitching for Moose Jaw Ghostbusters : RHP Ken Rogers
Batting: LHB Jorge Meléndez 0-0: Ball
1-0: Ball
2-0: Called Strike
2-1: Ground out 3-1 (Groundball, 34S)
Batting: SHB Sloan James 0-0: Fly out, F8 (Flyball, 8LM)
Batting: RHB Chris Osborn 0-0: Ball
1-0: Ball
2-0: Ball
3-0: Base on Balls
Batting: RHB Júlio García 0-0: Swinging Strike
0-1: Fly out, F8 (Flyball, 8LM)
Bottom of the 6th over - 0 run(s), 0 hit(s), 0 error(s), 1 left on base; Moose Jaw 1 - Riverside 2
TOP OF THE 7TH
Moose Jaw Ghostbusters batting - Pitching for Riverside Red Bulls : RHP Brett Dwyer
Pitching: RHP Roberto Costello
Batting: LHB Bartolo Villanueva 0-0: Called Strike
0-1: Ball
1-1: Swinging Strike
1-2: Strikes out looking
Batting: RHB John Major 0-0: Ball
1-0: Ground out 1-3 (Groundball, 15S)
Batting: RHB Aaron Wilson 0-0: Called Strike
0-1: SINGLE (Line Drive, 4MD)
Batting: RHB Alberto Sandoval 0-0: Foul Ball, location: 2F
0-1: Foul Ball, location: 2F
0-2: Ball
1-2: Strikes out looking
Top of the 7th over - 0 run(s), 1 hit(s), 0 error(s), 1 left on base; Moose Jaw 1 - Riverside 2
BOTTOM OF THE 7TH
Riverside Red Bulls batting - Pitching for Moose Jaw Ghostbusters : RHP Ken Rogers
Batting: RHB Kyle Bacon 0-0: SINGLE (Groundball, 34D) (infield hit)
Pitching: RHP Whit Johnson
Batting: RHB Soshu Nakamura 0-0: Ball
1-0: Bunt missed!
1-1: Sac Bunt - play at second, runner OUT! 1-6
Batting: SHB Chun-yeong Kim 0-0: Swinging Strike
0-1: Foul Ball, location: 2F
0-2: Ball
1-2: Ball
2-2: Strikes out swinging
Pinch Hitting: RHB José Zúñiga 0-0: Ball
1-0: Ball
2-0: Hit by Pitch
Soshu Nakamura to second
Batting: LHB Aroghetto Dionisotti 0-0: Fielders Choice at 2nd, U6 (Groundball, 6M)
Bottom of the 7th over - 0 run(s), 1 hit(s), 0 error(s), 2 left on base; Moose Jaw 1 - Riverside 2
TOP OF THE 8TH
Moose Jaw Ghostbusters batting - Pitching for Riverside Red Bulls : RHP Roberto Costello
Pitching: RHP Paco Ríos
Now at SS: Andy Aiton
Batting: LHB Carlos López 0-0: Ball
1-0: Foul Ball, location: 2F
1-1: Foul Ball, location: 2F
1-2: Ball
2-2: Foul Ball, location: 2F
2-2: Ball
3-2: Base on Balls
Pitching: RHP Thorsten Massuthe
Batting: RHB Pedro Meza 0-0: Bunted foul
0-1: Bunt missed!
0-2: Foul Ball, location: 2F
0-2: Ball
1-2: Foul Ball, location: 2F
1-2: Ball
2-2: Strikes out swinging
Batting: RHB Luis Miguel Sánchez 0-0: Fly out, F9 (Flyball, 9M)
Pitching: LHP Ricardo Díaz
Batting: LHB Will Vale 0-0: Ball
1-0: Ball
2-0: Called Strike
2-1: Swinging Strike
2-2: Strikes out swinging
Top of the 8th over - 0 run(s), 0 hit(s), 0 error(s), 1 left on base; Moose Jaw 1 - Riverside 2
BOTTOM OF THE 8TH
Riverside Red Bulls batting - Pitching for Moose Jaw Ghostbusters : RHP Whit Johnson
Batting: LHB Jorge Meléndez 0-0: Ball
1-0: Swinging Strike
1-1: Ground out 4-3 (Groundball, 4M)
Batting: SHB Sloan James 0-0: Swinging Strike
0-1: Swinging Strike
0-2: Ball
1-2: Ball
2-2: Ball
3-2: Foul Ball, location: 2F
3-2: DOUBLE (Line Drive, 7LS)
Batting: RHB Chris Osborn 0-0: Called Strike
0-1: Foul Ball, location: 2F
0-2: Ball
1-2: Ball
2-2: Ball
3-2: Ground out 6-3 (Groundball, 6M)
Sloan James to third
Batting: RHB Júlio García 0-0: Called Strike
0-1: Swinging Strike
0-2: Ball
1-2: Foul Ball, location: 2F
1-2: Fly out, F9 (Flyball, 9M)
Bottom of the 8th over - 0 run(s), 1 hit(s), 0 error(s), 1 left on base; Moose Jaw 1 - Riverside 2
TOP OF THE 9TH
Moose Jaw Ghostbusters batting - Pitching for Riverside Red Bulls : LHP Ricardo Díaz
Pitching: LHP Raúl Juárez
Batting: RHB Paco Hernández 0-0: Swinging Strike
0-1: Fly out, F4 (Line Drive, 4)
Batting: LHB Bartolo Villanueva 0-0: Fly out, F7 (Flyball, 7M)
Pinch Hitting: RHB Domingo Matos 0-0: Ball
1-0: Called Strike
1-1: Ball
2-1: Foul Ball, location: 2F
2-2: Foul Ball, location: 2F
2-2: Ball
3-2: Base on Balls
Batting: RHB Aaron Wilson 0-0: SINGLE (Line Drive, 56)
Domingo Matos to second
Pinch Hitting: RHB Ángel García 0-0: Fly out, F9 (Flyball, 89M)
Top of the 9th over - 0 run(s), 1 hit(s), 0 error(s), 2 left on base; Moose Jaw 1 - Riverside 2
This league is powered by Out of the Park Baseball, the baseball management simulation game for PC, Mac and Linux
Wednesday, December 2nd, 2015 - OOTP Baseball 16.8 Build 38